 Dungeon Crawl Stone Soup version 0.31-a0-221-gbddc013574 (webtiles) character file.

Game seed: 7335699121194091088

53 qw the Shooter (level 3, -1/21 HPs)
             Began as a Gargoyle Hexslinger on July 4, 2023.
             Slain by a gnoll
             ... wielding a +0 spear
              (3 damage)
             ... on level 2 of the Dungeon.
             The game lasted 00:00:27 (937 turns).

qw the Shooter (Gargoyle Hexslinger)                 Turns: 937, Time: 00:00:27

Health: -1/21      AC:  6    Str: 11    XL:     3   Next: 89%
Magic:  4/4        EV: 12    Int: 13    God:
Gold:   96         SH:  0    Dex: 14    Spells: 3/4 levels left

rFire   . . .        Y - +2 sling
rCold   . . .        (no shield)
rNeg    + . .        c - +0 robe
rPois   inf          (no helmet)
rElec   +            d - +0 cloak
rCorr   .            (no gloves)
SInv    .            (no boots)
Will    .....        (no amulet)
Stlth   +            (no ring)
HPRegen 0.23/turn    (no ring)
MPRegen 0.09/turn

%: no passive effects
@: no status effects
A: sickness immunity, AC +3, negative energy resistance 1, electricity
resistance, torment resistance 1, petrification resistance
a: no special abilities


You were on level 2 of the Dungeon.
You visited 1 branch of the dungeon, and saw 2 of its levels.

You collected 96 gold pieces.


Innate Abilities, Weirdness & Mutations

You are immune to sickness and miasma.
Your stone body is resilient. (AC +3)
You are immune to poison.
You resist negative energy. (rN+)
You are resistant to electric shocks. (rElec)
You are resistant to unholy torment.
You are immune to petrification.


   Skills:
 - Level 2.0 Fighting
 + Level 3.7 Ranged Weapons
 - Level 1.5 Dodging
 - Level 1.0 Spellcasting
 - Level 2.6 Hexes


You had 3 spell levels left.
You knew the following spells:

 Your Spells              Type           Power      Damage    Failure   Level
a - Slow                  Hex            28%        N/A       10%         1

Your spell library contained the following spells:

 Spells                   Type           Power      Damage    Failure   Level
 Inner Flame              Hex/Fire       4%         N/A       43%         3
 Portal Projectile        Hex/Tloc       8%         N/A       43%         3
 Cause Fear               Hex            3%         N/A       67%         4

Inventory:

Hand Weapons
 Y - a +2 sling (weapon)
Armour
 b - the +0 robe of Vampiric Thralls {rF+++ rC- Int+5 SInv}
   (You found it on level 2 of the Dungeon)

   Int:       It affects your intelligence (+5).
   rF:        It renders you almost immune to fire.
   rC:        It makes you vulnerable to cold.
   SInv:      It lets you see invisible.
 c - a +0 robe (worn)
 d - a +0 cloak (worn)
Scrolls
 a - a scroll of torment {unknown}
Potions
 g - a potion of curing {unknown}
 h - a potion of brilliance {unknown}
 i - a potion of cancellation {unknown}
 j - a potion of degeneration {unknown}

Dungeon Overview and Level Annotations

Branches:
Dungeon (2/15)

Altars:

Shops:
D:1 (


Message History

Things that are here:
a throwing net; a scroll labelled EFONAH XAJI You struggle against the net.
You tear a large gash into the net.
The gnoll hits you but does no damage.
You rip the net and break free!
The gnoll shouts!
The gnoll completely misses you.
The gnoll hits you from afar with a +0 spear!
You shoot a sling bullet.
The sling bullet hits the gnoll but does no damage.
The gnoll hits you with a +0 club. The gnoll barely misses you.
The gnoll hits you but does no damage. The gnoll barely misses you.
You shoot a sling bullet. The sling bullet hits the gnoll!
The gnoll is severely wounded.
The gnoll misses you. The gnoll barely misses you.
You shoot a sling bullet.
The sling bullet closely misses the gnoll.
The gnoll hits you but does no damage.
The gnoll hits you from afar with a +0 spear.
You shoot a sling bullet.
The sling bullet barely misses the gnoll.
The gnoll hits you with a +0 club.
The gnoll hits you from afar with a +0 spear.
You shoot a sling bullet.
The sling bullet barely misses the gnoll.
The gnoll closely misses you.
The gnoll hits you from afar with a +0 spear.
The gnoll barely misses you. The gnoll closely misses you.
You shoot a sling bullet. The sling bullet hits the gnoll.
You kill the gnoll!
The gnoll hits you from afar with a +0 spear.
935 ||| Stepping ~*~*~tactically~*~*~ (outnumbered).
You shoot a sling bullet.
The sling bullet barely misses the gnoll.
The gnoll barely misses you.
You shoot a sling bullet.
The sling bullet barely misses the gnoll.
The gnoll hits you from afar with a +0 spear.
You die...

#?#.. ##.#.
#.... ... ...
#.# #.# #@# #?#
#.......g.g...#
........#######
#########


You could see a gnoll.

Vanquished Creatures
  A gnoll (D:2)
  5 endoplasms (D:1)
  2 giant cockroaches (D:1)
  3 goblins (D:1)
  3 hobgoblins (D:1)
  7 jackals
  3 quokkas
  2 ball pythons (D:1)
  3 bats (D:1)
  3 frilled lizards (D:1)
  5 kobolds
37 creatures vanquished.

Notes
Turn   | Place    | Note
-------+----------+-------------------------------------------
     0 | D:1      | qw the Gargoyle Hexslinger began the quest for the Orb.
     0 | D:1      | Reached XP level 1. HP: 12/12 MP: 2/2
     0 | D:1      | 0 ||| qw: Version: 0.3-a-41-g9d075ac
     0 | D:1      | 0 ||| qw: Game counter: 789
     0 | D:1      | 0 ||| qw: Melee chars always use a shield: true
     0 | D:1      | 0 ||| qw: God list: Okawaru
     0 | D:1      | 0 ||| qw: Allow faded altars: false
     0 | D:1      | 0 ||| qw: Do Orc after clearing Dungeon:15 true
     0 | D:1      | 0 ||| qw: Do second Lair branch before Depths: true
     0 | D:1      | 0 ||| qw: Lair rune preference: random
     0 | D:1      | 0 ||| qw: Goals: Normal
     0 | D:1      | 0 ||| PLANNING D:1-11
     2 | D:1      | Noticed a tengu
     2 | D:1      | Noticed an elf
     4 | D:1      | Noticed an ogre
     4 | D:1      | Noticed a vine stalker
     6 | D:1      | Noticed a ghoul
     8 | D:1      | Noticed a minotaur
    11 | D:1      | Noticed a formicid
    13 | D:1      | Noticed an armataur
    13 | D:1      | Noticed a human
    15 | D:1      | Noticed a felid
    15 | D:1      | Noticed a gargoyle
    17 | D:1      | Noticed a demigod
    17 | D:1      | Noticed an octopode
    19 | D:1      | Noticed a troll
    19 | D:1      | Noticed a spriggan
    21 | D:1      | Noticed a demonspawn
    21 | D:1      | Noticed a meteoran
    23 | D:1      | Noticed a vampire
    23 | D:1      | Noticed a draconian
    25 | D:1      | Noticed a naga
    25 | D:1      | Noticed a vine stalker
    27 | D:1      | Noticed a ghoul
    27 | D:1      | Noticed a meteoran
   141 | D:1      | Reached XP level 2. HP: 15/16 MP: 3/3
   314 | D:1      | Reached skill level 3 in Ranged Weapons
   387 | D:1      | Reached XP level 3. HP: 21/21 MP: 4/4
   655 | D:1      | Found Mockes's Weapon Shoppe.
   803 | D:1      | 803 ||| UPGRADING to +0 cloak.
   808 | D:1      | 808 ||| READING scroll labelled LEITIGESTU.
   809 | D:1      | 809 ||| READING scroll labelled INAASMEQOMO.
   810 | D:1      | 810 ||| READING scroll labelled HETE TUOZAYJOL.
   811 | D:1      | 811 ||| DROPPING scroll of poison.
   846 | D:2      | 846 ||| STAIRDANCE
   899 | D:2      | Identified the +0 robe of Vampiric Thralls {rF+++ rC- Int+5
                  | SInv}
   924 | D:2      | 924 ||| Stepping ~*~*~tactically~*~*~ (outnumbered).
   933 | D:2      | HP: 5/21 [gnoll/+0 spear (1)]
   934 | D:2      | HP: 1/21 [gnoll/+0 spear (4)]
   935 | D:2      | 935 ||| Stepping ~*~*~tactically~*~*~ (outnumbered).
   937 | D:2      | Slain by a gnoll

Levels and vault maps discovered:
D:1:      kb_arrival_jail, layout_loops_cross, serial_shops,
          nicolae_shop_back_alley_shop, minmay_pentomino_w4
D:2:      layout_loops_ring

Skill      XL: |  1  2 |
---------------+-------+-----
Ranged Weapons | 3 |  3.7
Fighting       | 2 |  2.0
Dodging        | |  1.5
Spellcasting   | |  1.0
Hexes          | |  2.6

Action                     || total
---------------------------++-------
   Fire: Sling             ||   114
    Use: Scroll            ||     3
 Armour: Robe              ||    33
  Dodge: Dodged            ||    64

Table legend:
 A = Non-vault XP
 B = Vault XP
 C = Vault XP percentage of total XP
 D = Non-vault monster count
 E = Vault monster count
 F = Vault count percentage of total count
                 A         B        C        D         E       F
            +---------+---------+-------+---------+---------+-------
      Total |      65 |      12 |  15.6 |      31 |       6 |  16.2
            +---------+---------+-------+---------+---------+-------
        D:1 |      43 |      12 |  21.8 |      26 |       6 |  18.8
        D:2 |      22 |       0 |   0.0 |       5 |       0 |   0.0
            +---------+---------+-------+---------+---------+-------
